 Dungeon Crawl Stone Soup version 0.20.1-1-g8b1a95d (webtiles) character file.

2694 Gremour the Carver (level 9, -1/45 HPs)
             Began as a Gargoyle Fighter on Nov 21, 2017.
             Slain by an orc warrior
             ... wielding a +0 scimitar
              (19 damage)
             ... on level 7 of the Dungeon.
             The game lasted 00:31:34 (5644 turns).

Gremour the Carver (Gargoyle Fighter)               Turns: 5644, Time: 00:31:35

Health: -1/45      AC: 11    Str: 16 (19) XL:     9   Next: 65%
Magic:  9/9        EV:  8    Int:  6 (8)  God:
Gold:   317        SH: 13    Dex: 11 (12) Spells: 8/8 levels left

rFire    . . .     SeeInvis .   a - +1 long sword
rCold    . . .     Gourm    .   c - +1 shield
rNeg     + + .     Faith    .   o - +0 leather armour (curse)
rPois    ∞         Spirit   .   (helmet restricted)
rElec    +         Reflect  .   (no cloak)
rCorr    .         Harm     +   (no gloves)
MR       .....                  (no boots)
Stlth    +.........             m - amulet of harm
Regen    0.2/turn               w - ring of positive energy
MPRegen  0.2/turn               y - -2 ring of strength (curse)

@: no status effects
A: antennae 1, big wings, fangs 1, large bone plates 1, molten scales 1, frail
1, negative energy resistance 1, electricity resistance, unbreathing,
petrification resistance, rot immunity, AC +5
a: Fly


You were on level 7 of the Dungeon.
You were not hungry.

You visited 1 branch of the dungeon, and saw 7 of its levels.

You collected 317 gold pieces.

Inventory:

Hand Weapons
 a - a +1 long sword (weapon)
 B - a +3 flail of holy wrath
Armour
 b - a +0 scale mail
 c - a +1 shield (worn)
 o - a cursed +0 leather armour (worn)
Magical Staves
 H - an uncursed staff of wizardry
Jewellery
 d - a +2 ring of intelligence
 m - an amulet of harm (around neck)
 v - an uncursed ring of see invisible
 w - a ring of positive energy (left hand)
 y - a cursed -2 ring of strength (right hand)
Wands
 k - a wand of acid (8/15)
 l - a wand of flame (21/48)
 t - a wand of enslavement (8/24)
 u - a wand of iceblast (9/15)
 A - a wand of polymorph (12/24)
 F - a wand of disintegration (15/24)
Scrolls
 e - 3 scrolls of teleportation
 g - a scroll of fog
 i - a scroll of identify
 j - a scroll of blinking
 r - 2 scrolls of magic mapping
 C - a scroll of enchant armour
 G - a scroll of enchant weapon
 I - a scroll of fear
 J - a scroll of recharging
Potions
 h - 2 potions of brilliance
 n - a potion of curing {unknown}
 p - a potion of mutation
 x - a potion of resistance {unknown}
 z - a potion of haste {unknown}
Comestibles
 f - 4 bread rations
 q - 3 royal jellies
 s - a meat ration


   Skills:
 - Level 3.2 Fighting
 + Level 11.7 Long Blades
 - Level 3.2 Armour
 - Level 3.2 Shields


You had 8 spell levels left.
You didn't know any spells.

Dungeon Overview and Level Annotations

Branches:
Dungeon (7/15)
 Temple: D:4-7

Altars:
Dithmenos
Xom

Shops:
D:4 :


Innate Abilities, Weirdness & Mutations

You are resistant to torment.
Your stone body is resilient. (AC +5)
You are immune to poison.
You resist negative energy. (rN+)
You are resistant to electric shocks. (rElec)
You can survive without breathing.
You are immune to petrification.
You are immune to rotting.
You have a pair of small antennae on your head.
Your large and strong wings let you fly indefinitely.
You have very sharp teeth.
You are partially covered in large bone plates. (SH +4)
You are partially covered in molten scales. (AC +2)
You are frail. (-10% HP)


Message History

You block the orc warrior's attack. The orc hits you but does no damage.
You closely miss the orc warrior.
The orc warrior is moderately wounded.
The orc warrior hits you with a scimitar!
You slash the orc warrior! Your bite misses the orc warrior.
The orc warrior is heavily wounded.
You block the orc's attack. You block the orc warrior's attack.
You barely miss the orc. You bite the orc, but do no damage.
You block the orc's attack.
You hit the orc.
You kill the orc!
The orc warrior hits you with a scimitar!
You hit the orc warrior but do no damage.
You bite the orc warrior, but do no damage.
The orc warrior is heavily wounded.
You block the orc warrior's attack.
You hit the orc warrior.
The orc warrior is severely wounded.
The orc warrior hits you with a scimitar!
You die...

### #####
.>...#...#######
......o@.'.....#
##...#)..#####.#
#. #...# #.#
#...# #.# #...#
#.# #...# #.#
##### #.# #.#
#.#


You could see an orc warrior.

Vanquished Creatures
  The ghost of Ratty the Covered, a novice MiFi of Ru (D:6)
  A troll (D:5)
  A hippogriff (D:6)
  3 sky beasts
  An ogre (D:6)
  A centaur (D:6)
  3 bullfrogs
  3 killer bees (D:4)
  3 crimson imps
  4 hounds
  A bullfrog skeleton (D:6)
  5 orc priests
  3 iguanas
  Ijyb (D:3)
  2 orc wizards (D:6)
  7 worker ants
  3 gnolls
  10 adders
  A shadow imp (D:5)
  An ooze (D:2)
  4 worms
  A dart slug (D:4)
  5 leopard geckos
  16 orcs
  2 ball pythons
  5 giant cockroaches
  11 goblins
  8 hobgoblins
  8 jackals
  3 quokkas
  12 bats
  A frilled lizard (D:2)
  11 kobolds
  A leopard gecko skeleton (D:5)
  7 rats
150 creatures vanquished.

Notes
Turn   | Place    | Note
-------+----------+-------------------------------------------
     0 | D:1      | Gremour the Gargoyle Fighter began the quest for the Orb.
     0 | D:1      | Reached XP level 1. HP: 14/14 MP: 1/1
    60 | D:1      | Reached skill level 2 in Long Blades
   138 | D:1      | Reached XP level 2. HP: 17/19 MP: 2/2
   251 | D:1      | Reached skill level 3 in Long Blades
   272 | D:1      | Reached XP level 3. HP: 23/23 MP: 3/3
   835 | D:2      | Found a shadowy altar of Dithmenos.
  1000 | D:2      | Reached XP level 4. HP: 26/28 MP: 4/4
  1191 | D:2      | Reached skill level 4 in Long Blades
  1850 | D:3      | Reached XP level 5. HP: 32/32 MP: 5/5
  1926 | D:3      | Noticed a sky beast
  1965 | D:3      | Killed a sky beast
  1965 | D:3      | Reached skill level 5 in Long Blades
  1973 | D:3      | Gained mutation: You are agile. (Dex +2) [mutagenic meat]
  1974 | D:3      | Gained mutation: Armour fits poorly on your strangely shaped body. [mutagenic meat]
  1975 | D:3      | Lost mutation: Armour fits poorly on your strangely shaped body. [mutagenic meat]
  1976 | D:3      | Gained mutation: Scrolls take you a little longer to read. [mutagenic meat]
  2011 | D:3      | Reached XP level 6. HP: 22/37 MP: 6/6
  2128 | D:3      | Noticed Ijyb
  2146 | D:3      | Killed Ijyb
  2516 | D:4      | Found Foneoloc's Book Shop.
  2526 | D:4      | Reached skill level 6 in Long Blades
  2618 | D:4      | Reached XP level 7. HP: 38/41 MP: 7/7
  2932 | D:4      | Reached skill level 7 in Long Blades
  3224 | D:4      | HP: 1/41 [killer bee (6)]
  3398 | D:4      | Found a shimmering altar of Xom.
  3543 | D:5      | Entered Level 5 of the Dungeon
  3713 | D:5      | Reached skill level 8 in Long Blades
  4027 | D:5      | Noticed a troll
  4042 | D:5      | Killed a troll
  4042 | D:5      | Reached XP level 8. HP: 36/46 MP: 8/8
  4153 | D:5      | Reached skill level 9 in Long Blades
  4324 | D:6      | Lost mutation: Scrolls take you a little longer to read. [potion of mutation]
  4324 | D:6      | Lost mutation: You are agile. (Dex +2) [potion of mutation]
  4324 | D:6      | Gained mutation: You have very sharp teeth. [potion of mutation]
  4324 | D:6      | Gained mutation: You are partially covered in molten scales. (AC +2) [potion of mutation]
  4609 | D:6      | Noticed Ratty's ghost (novice MiFi)
  4622 | D:6      | Killed Ratty's ghost
  4622 | D:6      | Reached skill level 10 in Long Blades
  4622 | D:6      | Reached XP level 9. HP: 34/51 MP: 9/9
  4656 | D:6      | Reached skill level 11 in Long Blades
  5393 | D:6      | Gained mutation: You expend magic power (3 MP) to strengthen your wands. [mutagenic meat]
  5394 | D:6      | Lost mutation: You expend magic power (3 MP) to strengthen your wands. [mutagenic meat]
  5395 | D:6      | Gained mutation: You have a pair of small antennae on your head. [mutagenic meat]
  5396 | D:6      | Gained mutation: You are frail. (-10% HP) [mutagenic meat]
  5397 | D:6      | Gained mutation: You are partially covered in large bone plates. (SH +4) [mutagenic meat]
  5398 | D:6      | Gained mutation: Your large and strong wings let you fly indefinitely. [mutagenic meat]
  5644 | D:7      | Slain by an orc warrior

Skill      XL: |  1  2  3  4  5  6  7  8  9 |
---------------+----------------------------+-----
Long Blades    | 2 3 4 5 6 8 10 11 | 11.7
Fighting       | |  3.2
Armour         | |  3.2
Shields        | |  3.2

Action                   |  1- 3 |  4- 6 |  7- 9 || total
-------------------------+-------+-------+-------++-------
Melee: Long sword        |   120 |   218 |   299 ||   637
       Bite              |       |       |    10 ||    10
  Use: Scroll            |     6 |     1 |     6 ||    13
       Potion            |       |       |     8 ||     8
  Eat: Chunk             |       |    10 |    16 ||    26
Armor: Scale mail        |    58 |   117 |    68 ||   243
       Leather armour    |       |       |    63 ||    63
Dodge: Dodged            |    38 |    65 |    85 ||   188
Block: Shield            |    71 |   102 |   146 ||   319
       Rpst.: Long sword |     9 |    12 |    17 ||    38
